SAAA
ALLOWAY HALBERDS @ CALGARY LYNX
07/10/2022
 
TOP OF THE 1ST
Alloway Halberds batting - Pitching for Calgary Lynx : RHP Roger Garrett
Pitching: RHP Roger Garrett
Batting: LHB Ramón Rivera 0-0: Ball
1-0: Called Strike
1-1: Ball
2-1: Fly out, F7 (Popup, 7S)
Batting: RHB Tracy Larson 0-0: Ball
1-0: Ground out 6-3 (Groundball, 6)
Batting: RHB Dave Ash 0-0: Foul Ball, location: 2F
0-1: Ball
1-1: Ball
2-1: Ball
3-1: Swinging Strike
3-2: Strikes out swinging
Top of the 1st over - 0 run(s), 0 hit(s), 0 error(s), 0 left on base; Alloway 0 - Calgary 0
BOTTOM OF THE 1ST
Calgary Lynx batting - Pitching for Alloway Halberds : RHP Jim Unknown
Pitching: RHP Jim Unknown
Batting: SHB Tom Craft 0-0: Fly out, F6 (Popup, 6D)
Batting: RHB David Ramírez 0-0: Ball
1-0: Foul Ball, location: 2F
1-1: Called Strike
1-2: Strikes out looking
Batting: LHB José Alonso 0-0: Called Strike
0-1: Fly out, F8 (Flyball, 8LM)
Bottom of the 1st over - 0 run(s), 0 hit(s), 0 error(s), 0 left on base; Alloway 0 - Calgary 0
TOP OF THE 2ND
Alloway Halberds batting - Pitching for Calgary Lynx : RHP Roger Garrett
Batting: RHB Stefano Gaddi 0-0: Called Strike
0-1: Foul Ball, location: 2F
0-2: Ball
1-2: Foul Ball, location: 2F
1-2: Ball
2-2: Fly out, F6 (Popup, 6)
Batting: RHB Nam-sup Yi 0-0: DOUBLE (Line Drive, 7LD)
Batting: LHB Luis Gutiérrez 0-0: Ball
1-0: Foul Ball, location: 2F
1-1: Ball
2-1: Swinging Strike
2-2: Foul Ball, location: 2F
2-2: Strikes out swinging
Batting: SHB Ron Peterson 0-0: Foul Ball, location: 2F
0-1: Foul Ball, location: 2F
0-2: Ball
1-2: SINGLE (Popup, 6MD)
Nam-sup Yi to third
Runner from 3rd tries for Home, SAFE, throw made home
Batting: RHB Daniel Molina 0-0: Called Strike
0-1: Ball
1-1: Ball
2-1: Ball
3-1: Base on Balls
Ron Peterson to second
Batting: RHB Juan Martínez 0-0: Ball
1-0: Swinging Strike
1-1: Called Strike
1-2: Foul Ball, location: 2F
1-2: Ball
2-2: Strikes out swinging
Top of the 2nd over - 1 run(s), 2 hit(s), 0 error(s), 2 left on base; Alloway 1 - Calgary 0
BOTTOM OF THE 2ND
Calgary Lynx batting - Pitching for Alloway Halberds : RHP Jim Unknown
Batting: RHB Pepe Medina 0-0: Foul Ball, location: 2F
0-1: Ball
1-1: Ball
2-1: Fly out, F9 (Flyball, 9M)
Batting: RHB Tony Farquharson 0-0: Called Strike
0-1: Called Strike
0-2: Strikes out swinging
Batting: RHB Alfredo Méndez 0-0: Called Strike
0-1: SINGLE (Groundball, 6)
Batting: RHB António Varela 0-0: Called Strike
0-1: Ball
1-1: Ball
2-1: Ball
3-1: Called Strike
Alfredo Méndez steals 2nd base
3-2: Strikes out swinging
Bottom of the 2nd over - 0 run(s), 1 hit(s), 0 error(s), 1 left on base; Alloway 1 - Calgary 0
TOP OF THE 3RD
Alloway Halberds batting - Pitching for Calgary Lynx : RHP Roger Garrett
Batting: LHB Ramón Rivera 0-0: Ball
1-0: Fly out, F7 (Line Drive, 78M)
Batting: RHB Tracy Larson 0-0: Fly out, F9 (Flyball, 9D)
Batting: RHB Dave Ash 0-0: Foul Ball, location: 2F
0-1: Fly out, F3 (Line Drive, 3)
Top of the 3rd over - 0 run(s), 0 hit(s), 0 error(s), 0 left on base; Alloway 1 - Calgary 0
BOTTOM OF THE 3RD
Calgary Lynx batting - Pitching for Alloway Halberds : RHP Jim Unknown
Batting: RHB Jorge Díaz 0-0: Foul Ball, location: 2F
0-1: Called Strike
0-2: Ground out 6-3 (Groundball, 6)
Batting: RHB Jim Browning 0-0: Foul Ball, location: 2F
0-1: SOLO HOME RUN (Flyball, 78XD), Distance : 435 ft
Batting: SHB Tom Craft 0-0: Ball
1-0: Foul Ball, location: 2F
1-1: Foul Ball, location: 2F
1-2: SINGLE (Line Drive, 78S)
Batting: RHB David Ramírez 0-0: Ball
1-0: Foul Ball, location: 2F
1-1: Ball
2-1: Foul Ball, location: 2F
2-2: Fly out, F9 (Popup, 89S)
Batting: LHB José Alonso 0-0: Ball
1-0: Ball
2-0: Ball
3-0: Called Strike
3-1: DOUBLE (Line Drive, 9LM)
Tom Craft to third
Batting: RHB Pepe Medina 0-0: Ball
1-0: Ground out 5-3 (Groundball, 56)
Bottom of the 3rd over - 1 run(s), 3 hit(s), 0 error(s), 2 left on base; Alloway 1 - Calgary 1
TOP OF THE 4TH
Alloway Halberds batting - Pitching for Calgary Lynx : RHP Roger Garrett
Batting: RHB Stefano Gaddi 0-0: Ball
1-0: Fly out, F6 (Line Drive, 56)
Batting: RHB Nam-sup Yi 0-0: Called Strike
0-1: Called Strike
0-2: Strikes out swinging
Batting: LHB Luis Gutiérrez 0-0: Called Strike
0-1: SINGLE (Line Drive, 6M)
Batting: SHB Ron Peterson 0-0: Foul Ball, location: 2F
0-1: Ball
1-1: Ball
2-1: Foul Ball, location: 2F
2-2: Ball
3-2: Foul Ball, location: 2F
3-2: DOUBLE (Groundball, 5L)
Luis Gutiérrez to third
Luis Gutiérrez scores
Batting: RHB Daniel Molina 0-0: Called Strike
0-1: Ball
1-1: Foul Ball, location: 2F
1-2: Strikes out looking
Top of the 4th over - 1 run(s), 2 hit(s), 0 error(s), 1 left on base; Alloway 2 - Calgary 1
BOTTOM OF THE 4TH
Calgary Lynx batting - Pitching for Alloway Halberds : RHP Jim Unknown
Batting: RHB Tony Farquharson 0-0: Ball
1-0: Hit by Pitch
Batting: RHB Alfredo Méndez 0-0: Ball
1-0: Foul Ball, location: 2F
1-1: Ball
2-1: Grounds into double play, 6-4-3 (Groundball, 6)
Batting: RHB António Varela 0-0: Called Strike
0-1: Ball
1-1: Foul Ball, location: 2F
1-2: Ground out 5-3 (Groundball, 56)
Bottom of the 4th over - 0 run(s), 0 hit(s), 0 error(s), 0 left on base; Alloway 2 - Calgary 1
TOP OF THE 5TH
Alloway Halberds batting - Pitching for Calgary Lynx : RHP Roger Garrett
Batting: RHB Juan Martínez 0-0: Fly out, F5 (Popup, 25)
Batting: LHB Ramón Rivera 0-0: Called Strike
0-1: Called Strike
0-2: Ball
1-2: Foul Ball, location: 2F
1-2: Ball
2-2: Foul Ball, location: 2F
2-2: Strikes out looking
Batting: RHB Tracy Larson 0-0: Called Strike
0-1: Called Strike
0-2: Ball
1-2: Ball
2-2: Foul Ball, location: 2F
2-2: Ground out 3-1 (Groundball, 34)
Top of the 5th over - 0 run(s), 0 hit(s), 0 error(s), 0 left on base; Alloway 2 - Calgary 1
BOTTOM OF THE 5TH
Calgary Lynx batting - Pitching for Alloway Halberds : RHP Jim Unknown
Batting: RHB Jorge Díaz 0-0: Ball
1-0: Ground out 5-3 (Groundball, 5S)
Batting: RHB Jim Browning 0-0: Ball
1-0: Ground out 5-3 (Groundball, 5S)
Batting: SHB Tom Craft 0-0: Ball
1-0: Ball
2-0: Ball
3-0: Called Strike
3-1: Called Strike
3-2: Base on Balls
Batting: RHB David Ramírez 0-0: Foul Ball, location: 2F
0-1: Ball
1-1: Ball
2-1: Ball
3-1: Foul Ball, location: 2F
3-2: Strikes out swinging
Bottom of the 5th over - 0 run(s), 0 hit(s), 0 error(s), 1 left on base; Alloway 2 - Calgary 1
TOP OF THE 6TH
Alloway Halberds batting - Pitching for Calgary Lynx : RHP Roger Garrett
Batting: RHB Dave Ash 0-0: Called Strike
0-1: SINGLE (Line Drive, 56D)
Batting: RHB Stefano Gaddi 0-0: Ball
1-0: SINGLE (Line Drive, 7LS)
Dave Ash to second
Batting: RHB Nam-sup Yi 0-0: Ball
Dave Ash is caught stealing 3rd base
Stefano Gaddi to second
1-0: Ball
2-0: Ball
3-0: Base on Balls
Batting: LHB Luis Gutiérrez 0-0: Ball
1-0: Ball
2-0: Ball
3-0: Called Strike
3-1: Base on Balls
Stefano Gaddi to third
Nam-sup Yi to second
Batting: SHB Ron Peterson 0-0: Called Strike
0-1: Ball
1-1: Grounds into double play, 4-6-3 (Groundball, 4)
Top of the 6th over - 0 run(s), 2 hit(s), 0 error(s), 2 left on base; Alloway 2 - Calgary 1
BOTTOM OF THE 6TH
Calgary Lynx batting - Pitching for Alloway Halberds : RHP Jim Unknown
Batting: LHB José Alonso 0-0: Ball
1-0: Swinging Strike
1-1: Ball
2-1: Ground out 6-3 (Groundball, 6)
Batting: RHB Pepe Medina 0-0: SOLO HOME RUN (Flyball, 7D), Distance : 386 ft
Batting: RHB Tony Farquharson 0-0: Ball
1-0: SOLO HOME RUN (Flyball, 7D), Distance : 400 ft
Batting: RHB Alfredo Méndez 0-0: Fly out, F7 (Line Drive, 78S)
Batting: RHB António Varela 0-0: Ball
1-0: Ball
2-0: SINGLE (Line Drive, 7LM)
Batting: RHB Jorge Díaz 0-0: Fly out, F7 (Line Drive, 7M)
Bottom of the 6th over - 2 run(s), 3 hit(s), 0 error(s), 1 left on base; Alloway 2 - Calgary 3
TOP OF THE 7TH
Alloway Halberds batting - Pitching for Calgary Lynx : RHP Roger Garrett
Batting: RHB Daniel Molina 0-0: Fly out, F9 (Flyball, 9D)
Batting: RHB Juan Martínez 0-0: Foul Ball, location: 2F
0-1: Foul Ball, location: 2F
0-2: Foul Ball, location: 2F
0-2: Ball
1-2: Ball
2-2: Ball
3-2: Base on Balls
Pitching: RHP Willie Cameron
Batting: LHB Ramón Rivera 0-0: Foul Ball, location: 2F
0-1: Swinging Strike
0-2: Ball
1-2: Strikes out swinging
Batting: RHB Tracy Larson 0-0: Called Strike
0-1: Ball
1-1: Ball
2-1: SINGLE (Groundball, 4MD)
Juan Martínez to second
Batting: RHB Dave Ash 0-0: Ball
1-0: Ball
2-0: Ball
3-0: Base on Balls
Juan Martínez to third
Tracy Larson to second
Batting: RHB Stefano Gaddi 0-0: Ball
1-0: Foul Ball, location: 2F
1-1: Called Strike
1-2: Strikes out swinging
Top of the 7th over - 0 run(s), 1 hit(s), 0 error(s), 3 left on base; Alloway 2 - Calgary 3
BOTTOM OF THE 7TH
Calgary Lynx batting - Pitching for Alloway Halberds : RHP Jim Unknown
Batting: RHB Jim Browning 0-0: SINGLE (Groundball, 6MD)
Batting: SHB Tom Craft 0-0: Sac Bunt - play at first, batter OUT! 1-4
Jim Browning to second
Batting: RHB David Ramírez 0-0: Called Strike
0-1: Foul Ball, location: 2F
0-2: Ball
1-2: Foul Ball, location: 2F
1-2: Ball
2-2: Fly out, F9 (Line Drive, 89S)
Batting: LHB José Alonso 0-0: Called Strike
0-1: Ball
1-1: Ball
2-1: Called Strike
2-2: Ball
3-2: Base on Balls
Pinch Hitting: RHB Pedro Cruz 0-0: Ball
1-0: Ball
2-0: Foul Ball, location: 2F
2-1: Ground out U3 (Groundball, 3)
Bottom of the 7th over - 0 run(s), 1 hit(s), 0 error(s), 2 left on base; Alloway 2 - Calgary 3
TOP OF THE 8TH
Alloway Halberds batting - Pitching for Calgary Lynx : RHP Willie Cameron
Pitching: RHP Clancy McKinney
Now in RF: Pedro Cruz
Batting: RHB Nam-sup Yi 0-0: Called Strike
0-1: Ball
1-1: Foul Ball, location: 2F
1-2: Ball
2-2: Foul Ball, location: 2F
2-2: Ball
3-2: Base on Balls
Batting: LHB Luis Gutiérrez 0-0: Called Strike
0-1: Swinging Strike
0-2: Foul Ball, location: 2F
0-2: Foul Ball, location: 2F
0-2: Strikes out looking
Batting: SHB Ron Peterson 0-0: Called Strike
0-1: Ball
1-1: Fly out, F9 (Flyball, 89M)
Batting: RHB Daniel Molina 0-0: Fly out, F9 (Flyball, 9M)
Top of the 8th over - 0 run(s), 0 hit(s), 0 error(s), 1 left on base; Alloway 2 - Calgary 3
BOTTOM OF THE 8TH
Calgary Lynx batting - Pitching for Alloway Halberds : RHP Jim Unknown
Batting: RHB Tony Farquharson 0-0: Ball
1-0: Foul Ball, location: 2F
1-1: Ball
2-1: Swinging Strike
2-2: Ball
3-2: Ground out 5-3 (Groundball, 56S)
Batting: RHB Alfredo Méndez 0-0: Foul Ball, location: 2F
0-1: Called Strike
0-2: Strikes out looking
Batting: RHB António Varela 0-0: Ball
1-0: Ball
2-0: Ball
3-0: Base on Balls
Pitching: RHP Joe Holmes
Batting: RHB Jorge Díaz 0-0: Ball
1-0: Foul Ball, location: 2F
1-1: Swinging Strike
1-2: Fly out, F3 (Popup, 3SF)
Bottom of the 8th over - 0 run(s), 0 hit(s), 0 error(s), 1 left on base; Alloway 2 - Calgary 3
TOP OF THE 9TH
Alloway Halberds batting - Pitching for Calgary Lynx : RHP Clancy McKinney
Pitching: RHP Dave Hindman
Batting: RHB Juan Martínez 0-0: Called Strike
0-1: Ball
1-1: Ball
2-1: Ball
3-1: Foul Ball, location: 2F
3-2: Base on Balls
Batting: LHB Ramón Rivera 0-0: Sac Bunt - play at first, batter OUT! 2-3
Juan Martínez to second
Batting: RHB Tracy Larson 0-0: Ball
1-0: Fly out, F4 (Popup, 4)
Batting: RHB Dave Ash 0-0: Ball
1-0: Called Strike
1-1: Foul Ball, location: 2F
1-2: Ball
2-2: Ball
3-2: Foul Ball, location: 2F
3-2: Strikes out swinging
Top of the 9th over - 0 run(s), 0 hit(s), 0 error(s), 1 left on base; Alloway 2 - Calgary 3
This league is powered by Out of the Park Baseball, the baseball management simulation game for PC, Mac and Linux
Friday, April 15th, 2016 - OOTP Baseball 16.9 Build 39